Map: [ESL] Stargazers

Players

piglet

  • Race: Terran Terran
  • Spawn Location: 1:00

Scarlett - Winner!

  • Race: Zerg Zerg
  • Spawn Location: 11:00

Event: DreamHack SC2 Masters 2022 Valencia

VOD

Have the link to the VOD?

Description

Time

  • Played on: July 1, 2022, 11:15 a.m.
  • Length: 8:21

All games in this series

Show
View Real Time Build Order
Export as new Build Order

piglet Terran 

Build Orders: Gas First Reaper Expand, Mech 

Get SALT Encoding   

  12  0:00  SCV  
  13  0:12  SCV  
  14  0:17  Supply Depot  
  14  0:24  SCV  
  14  0:28  Refinery  
  15  0:38  SCV  
  16  0:44  Barracks  
  16  0:50  SCV  
  17  1:03  SCV  
  18  1:15  SCV  
  19  1:31  Orbital Command, Reaper  
  20  1:41  Command Center  
  20  1:51  Factory  
  20  1:57  SCV  
  21  2:02  Refinery  
  21  2:06  Barracks Reactor  
  21  2:09  SCV  
  21  2:14  Supply Depot  
  22  2:22  SCV  
  23  2:35  SCV  
  24  2:39  Starport  
  24  2:47  SCV  
  25  2:53  Orbital Command  
  25  2:57  Hellion x2  
  29  3:00  SCV  
  30  3:12  SCV  
  31  3:15  Viking  
  31  3:19  Hellion, SCV  
  36  3:24  SCV  
  36  3:26  Hellion  
  39  3:31  SCV  
  40  3:37  SCV  
  40  3:38  Barracks Tech Lab, Fusion Core  
  41  3:42  Supply Depot  
  41  3:45  SCV  
  42  3:50  SCV  
  42  3:52  Supply Depot  
  43  4:00  SCV  
  44  4:05  SCV  
  45  4:14  SCV  
  46  4:17  Command Center  
  46  4:19  SCV  
  46  4:22  Refinery x2  
  47  4:26  SCV  
  46  4:31  SCV  
  46  4:33  Battlecruiser  
  52  4:38  SCV  
  52  4:41  Hellion  
  52  4:42  Supply Depot  
  52  4:43  SCV  
  56  4:51  SCV  
  57  4:53  Barracks Tech Lab  
  57  4:55  SCV  
  57  4:59  Factory  
  58  5:03  Factory, SCV  
  58  5:04  Supply Depot  
  59  5:07  SCV  
  60  5:15  SCV, Armory  
  60  5:19  SCV  
  60  5:20  Hellion  
  64  5:27  SCV  
  65  5:31  SCV  
  65  5:33  Refinery  
  66  5:35  Factory, Barracks Tech Lab  
  66  5:36  Refinery  
  66  5:40  Factory  
  66  5:44  SCV  
  68  5:50  SCV  
  68  5:55  Hellion x2, Siege Tank  
  68  5:56  SCV, Starport Reactor  
  76  5:57  SCV  
  76  6:02  SCV  
  78  6:09  SCV  
  80  6:13  Orbital Command  
  80  6:14  SCV  
  80  6:16  Infernal Pre-Igniter  
  80  6:17  Siege Tank  
  83  6:21  SCV, Supply Depot  
  84  6:26  SCV, Terran Vehicle Weapons Level 1  
  84  6:27  Armory  
  84  6:28  Supply Depot  
  84  6:29  Hellion  
  87  6:33  SCV  
  87  6:34  Siege Tank  
  87  6:38  SCV  
  92  6:42  Siege Tank  
  95  6:49  Hellion, Siege Tank  
  95  6:50  SCV x2  
  102  6:56  Hellion  
  102  6:57  SCV  
  105  7:02  SCV, Supply Depot x2  
  105  7:06  Siege Tank  
  109  7:11  Command Center  
  109  7:18  Supply Depot  
  109  7:23  SCV x3  
  109  7:24  Hellion  
  109  7:28  Supply Depot x2  
  114  7:30  Hellion, Siege Tank  
  119  7:37  Cyclone  
  119  7:43  Supply Depot  
  122  7:50  Factory  
  125  7:52  Hellion  
  125  7:57  Supply Depot  
Show
View Real Time Build Order
Export as new Build Order

Scarlett Zerg - Winner!

Build Orders: Hatch First 

Get SALT Encoding   

  12  0:00  Drone  
  13  0:12  Overlord  
  13  0:16  Drone  
  14  0:30  Drone x2  
  16  0:46  Hatchery  
  15  0:50  Drone  
  15  0:54  Drone  
  17  0:57  Drone  
  18  1:08  Extractor  
  17  1:12  Spawning Pool  
  17  1:15  Drone  
  17  1:18  Drone  
  18  1:29  Drone  
  19  1:39  Drone  
  20  2:00  Queen x2  
  24  2:02  Overlord  
  24  2:03  Drone x2  
  26  2:10  Zergling x2  
  26  2:11  Zergling x2  
  28  2:23  Hatchery  
  28  2:26  Drone x2  
  29  2:32  Drone  
  29  2:35  Spore Crawler  
  29  2:41  Drone x2  
  29  2:43  Metabolic Boost  
  29  2:44  Overlord  
  32  2:51  Queen  
  32  2:56  Drone  
  32  2:57  Drone  
  36  3:07  Queen  
  36  3:09  Drone x2  
  40  3:13  Drone x2, Overlord  
  40  3:18  Drone  
  43  3:23  Overlord  
  43  3:31  Queen  
  45  3:36  Drone x4  
  45  3:40  Overlord  
  49  3:43  Queen  
  49  3:47  Zergling x4  
  53  3:54  Queen  
  53  3:55  Overlord  
  55  3:58  Zergling x2  
  55  3:59  Drone x2  
  55  4:02  Drone x2  
  60  4:06  Queen  
  62  4:10  Drone x3  
  65  4:21  Drone  
  65  4:22  Drone x5  
  69  4:33  Drone x3  
  69  4:37  Queen  
  69  4:38  Lair  
  72  4:41  Baneling Nest, Drone  
  72  4:42  Overlord x2  
  72  4:43  Extractor  
  72  4:44  Drone  
  72  4:48  Spore Crawler, Drone  
  72  4:52  Drone  
  73  4:57  Overlord  
  73  5:03  Zergling x6  
  73  5:04  Zergling x6  
  79  5:08  Drone x4  
  79  5:10  Spore Crawler  
  79  5:11  Spore Crawler  
  79  5:14  Drone, Extractor x2  
  80  5:24  Hatchery  
  80  5:25  Drone x6  
  86  5:28  Drone  
  86  5:32  Extractor  
  86  5:33  Drone x3  
  86  5:35  Extractor  
  87  5:37  Spire  
  87  5:40  Drone, Overlord x2  
  87  5:42  Centrifugal Hooks  
  86  5:59  Drone x5  
  86  6:02  Evolution Chamber, Drone x2  
  86  6:03  Evolution Chamber, Overlord x2  
  86  6:07  Drone x3  
  89  6:18  Overseer  
  89  6:20  Drone x6  
  95  6:30  Overlord x3  
  95  6:38  Drone x6  
  100  6:54  Hatchery  
  100  6:58  Drone x13  
  112  7:06  Mutalisk x4  
  120  7:16  Mutalisk x3  
  120  7:22  Drone x6  
  129  7:27  Drone x7  
  129  7:28  Extractor  
  129  7:29  Extractor  
  134  7:30  Infestation Pit  
  134  7:35  Infestation Pit, Baneling  
  134  7:36  Zergling x8  
  136  7:46  Drone x4  
  136  7:48  Baneling x2  
  136  7:49  Baneling x4  
  139  7:55  Mutalisk x2  
  139  7:56  Overlord x5  
  142  8:01  Drone x6  

Tags
 
Add a new tag
Caveats
  • Supply blocks, unpowered buildings, or Contaminate may cause inaccurate times.
  • Supply counts are checked every 10 seconds.